[Event "Live Chess"]
[Site "Chess.com"]
[Date "2024.06.02"]
[Round "-"]
[White "Tatarinov_Maxim"]
[Black "Mikhail_Golubev"]
[Result "1-0"]
[WhiteElo "2299"]
[BlackElo "2484"]
[TimeControl "300"]
[EndTime "5:19:24 PDT"]
[Termination "Tatarinov_Maxim won by resignation"]

1. Nf3 d6 2. g3 g6 3. Bg2 Bg7 4. O-O e5 5. c4 Nc6 6. Nc3 f5 7.
d3 h6 8. Nd2 Nf6 9. Rb1 a5 10. a3 O-O 11. b4 axb4 12. axb4 g5 13. b5 Ne7 14. Nb3 f4 15. Bd2 h5 16. Ra1 Rb8 17. Ra7 h4 18. Qc2 Nf5 19. Nd5 hxg3 20.
fxg3 c6 21. bxc6 Qb6+ 22. Nxb6 1-0

[Event "Live Chess"]
[Site "Chess.com"]
[Date "2024.06.02"]
[Round "-"]
[White "FlyingChessKestrel13"]
[Black "JanMur7"]
[Result "1-0"]
[WhiteElo "2085"]
[BlackElo "2283"]
[TimeControl "300"]
[EndTime "5:19:31 PDT"]
[Termination "FlyingChessKestrel13 won by resignation"]

1. e4 g6 2. d4 Bg7 3. Nc3 c5 4. Be3 cxd4 5. Bxd4 Nf6 6. Nf3 d6 7. Bc4 Nc6 8. Be3 O-O 9. O-O Ng4 10. Bf4 Nge5 11.
Nxe5 Nxe5 12. Bb3 Bd7 13. Be3 Bc6 14. h3 Nd7 15. Bd4 Nc5 16. Bxg7 Kxg7 17. Bd5 Bxd5 18. exd5 Nd7 19. Qd4+ Nf6 20. Rfe1 b6 21. Ne4 Re8 22. Nxf6 exf6 23. c3 Re5 24. f4 Rxe1+ 25. Rxe1 Qd7 26. Kh2 Re8 27. Rxe8 Qxe8 28. Qb4 Qe7 29. a4 h5 30. a5 Qc7 31. axb6 axb6 32. Qd4 Qa7 33. b4 Qc7 34.
c4 Qd8 35. c5 bxc5 36. bxc5 dxc5 37. Qxc5 Qf8 38. Qxf8+ Kxf8 39. Kg3 Ke7 40. Kf3 Kd6 41. Ke4 Kc5 42. g4 h4 43. g5 Kd6 44. gxf6 Kc5 45. Ke5 Kb6 46. Kd6 1-0

[Event "Live Chess"]
[Site "Chess.com"]
[Date "2024.06.02"]
[Round "-"]
[White "RuslanChessN"]
[Black "Queensandpawns"]
[Result "0-1"]
[WhiteElo "1918"]
[BlackElo "2269"]
[TimeControl "300"]
[EndTime "5:19:34 PDT"]
[Termination "Queensandpawns won by resignation"]

1. d4 e5 2. dxe5 Bc5 3. Bf4 d6 4. exd6 Ne7 5. e3 cxd6 6. Nf3 Nbc6 7. Nbd2 O-O 8. Bd3 Bg4 9. c3 Bh5 10. Qc2 Bg6 11. Ne4 Re8 12. O-O-O Qa5 13. Kb1 d5 14. Nxc5 Qxc5 15. Nd4 Rec8 16. h4 b5 17. Nxb5 Nb4 0-1

[Event "Live Chess"]
[Site "Chess.com"]
[Date "2024.06.02"]
[Round "-"]
[White "slava_ukr"]
[Black "friarnator"]
[Result "1-0"]
[WhiteElo "2379"]
[BlackElo "2179"]
[TimeControl "300"]
[EndTime "5:19:36 PDT"]
[Termination "slava_ukr won on time"]

1. e4 c6 2. d4 d5 3. e5 Bf5 4. g4 Be4 5. f3 Bg6 6. h4 h5 7. e6 hxg4 8. fxg4 Nf6 9. exf7+ Bxf7 10. Nc3 e6 11. g5 Nh5 12. Qf3 Qc7 13. Be3 Qg3+ 14. Qxg3 Nxg3 15. Rh2 Bd6 16. Rh3 Nf5 17. Bf2 Bh5 18. Be2 Nd7 19. O-O-O O-O-O 20. Bxh5 Rxh5 21. Nf3 e5 22. dxe5 Nxe5 23. Nxe5 Bxe5 24. Bxa7 Rxh4 25.
Rxh4 Nxh4 26. Ne2 Nf3 27. Be3 d4 28. Bd2 Rf8 29. Rf1 Bd6 30. Kd1 Kd7 31. Ng1 Nxg1 32. Rxg1 c5 33. Ke2 Ke6 34. c3 Kd5 35. cxd4 cxd4 36.
Rg4 g6 37. Rh4 b5 38. Rh6 Rg8 39. Kd3 Be5 40. b3 Ke6 41. Ke4 Rg7 42. a4 bxa4 43.
bxa4 Ra7 44. a5 Rg7 45. Rh8 d3 46. Re8+ Kd6 47. Rxe5 Ra7 48. Rd5+ Ke6 49. Rxd3 1-0

[Event "Live Chess"]
[Site "Chess.com"]
[Date "2024.06.02"]
[Round "-"]
[White "TheSmoulderingMaster"]
[Black "ClassyChameleon"]
[Result "1-0"]
[WhiteElo "1778"]
[BlackElo "1549"]
[TimeControl "300"]
[EndTime "5:19:41 PDT"]
[Termination "TheSmoulderingMaster won by resignation"]

1. e4 e5 2. Nf3 Nc6 3. Bb5 a6 4. Ba4 b5 5. Bb3 Bb7 6. O-O Bc5 7. c3 Qe7 8. d4 exd4 9. cxd4 Bb6 10. Nc3 O-O-O 11.
Nd5 Qf8 12. a4 bxa4 13. Bxa4 Ba7 14. Bf4 d6 15. Rc1 Nge7 16. Bg5 f6 17. Bf4 Nxd5 18.
exd5 Ne7 19. Qc2 Nxd5 20. Bg3 Bb6 21. Bc6 Qf7 22. Bxb7+ Kxb7 23. Qc6+ Kb8 24. Ra1 a5 25. Nd2 Rhe8 26. Nc4 Re2 27. Qb5 Kc8 28. Nxb6+ Nxb6 29.
Qxe2 Qb3 30. Qa6+ Kd7 31. Qxa5 Qxb2 32. Rac1 Qxd4 33. Qb5+ Ke7 34. Rfe1+ Kf7 35. Rxc7+ Kg8 36. h3 Na8 37. Rb7 h6 38. Ree7 f5 39. Qxf5 Qd1+ 40.
Kh2 Rf8 1-0

[Event "Live Chess"]
[Site "Chess.com"]
[Date "2024.06.02"]
[Round "-"]
[White "JanMur7"]
[Black "TheSmoulderingMaster"]
[Result "1-0"]
[WhiteElo "2284"]
[BlackElo "1777"]
[TimeControl "300"]
[EndTime "5:20:35 PDT"]
[Termination "JanMur7 won by resignation"]

1. e4 c5 2. Nf3 d6 3. c3 Nc6 4.
Be2 Nf6 5. d4 cxd4 6. cxd4 g6 7.
O-O Nxe4 8. d5 Ne5 9. Qa4+ Bd7 10.
Qxe4 Bg7 11. Nxe5 1-0

[Event "Live Chess"]
[Site "Chess.com"]
[Date "2024.06.02"]
[Round "-"]
[White "seasidecastle27"]
[Black "stevochess11"]
[Result "1-0"]
[WhiteElo "1943"]
[BlackElo "1704"]
[TimeControl "300"]
[EndTime "5:20:47 PDT"]
[Termination "seasidecastle27 won by resignation"]

1. d4 Nf6 2. Nf3 g6 3. Bg5 Ne4 4. Bf4 Bg7 5. Nbd2 d5 6. e3 c5 7. c3 Nc6 8. Bd3 Nxd2 9. Qxd2 cxd4 10. exd4 O-O 11. Bh6 Bg4 12. h4 Bxf3 13. gxf3 e5 14. h5 Qf6 15. Bxg7 Kxg7 16. hxg6 Qxg6 17. Bxg6 1-0

[Event "Live Chess"]
[Site "Chess.com"]
[Date "2024.06.02"]
[Round "-"]
[White "halfberg"]
[Black "TJ-W"]
[Result "1-0"]
[WhiteElo "1901"]
[BlackElo "1574"]
[TimeControl "300"]
[EndTime "5:20:48 PDT"]
[Termination "halfberg won by checkmate"]

1. e4 c5 2. Nf3 Nc6 3. d4 cxd4 4. Nxd4 g6 5. Nxc6 bxc6 6. Qd4 Nf6 7. e5 Qa5+ 8. Bd2 Qd5 9. Qc3 Ne4 10. Qf3 Qxe5 11.
Be2 Nxd2 12. Nxd2 Qxb2 13. O-O Bg7 14. Rab1 Qxc2 15. Ne4 O-O 16. Bd3 Qxa2 17. Rfe1 Qd5 18. Qg3 Be5 19. f4 Bd4+ 20. Kh1 Bf2 21. Nxf2 f5 22. Rxe7 Qa2 23. Rbe1 a5 24. Qh4 h5 25. Qg5 Rf7 26. Qxg6+ Kf8 27. Re8# 1-0

[Event "Live Chess"]
[Site "Chess.com"]
[Date "2024.06.02"]
[Round "-"]
[White "AlanBstard10"]
[Black "Ninifu"]
[Result "0-1"]
[WhiteElo "1235"]
[BlackElo "2010"]
[TimeControl "300"]
[EndTime "5:20:51 PDT"]
[Termination "Ninifu won by resignation"]

1. Nf3 Nf6 2. c4 g6 3. b3 Bg7 4.
Bb2 O-O 5. Nc3 d6 6. g3 e5 7. Bg2 Nbd7 8. O-O c6 9. d3 Re8 10. Re1 d5 11. cxd5 cxd5 12. Rb1 d4 13. Ne4 Nxe4 14.
dxe4 Nc5 15. h4 Nxe4 16. Nd2 Nxd2 17. Qxd2 Bf5 18. Rbc1 Rc8 19. Rxc8 Qxc8 20. Rc1 Qd7 21. Bf3 Rc8 22. Rxc8+ Qxc8 23. Kh2 Qc2 24. Qxc2 Bxc2 25. Bxb7 e4 26. Bc1 d3 27. exd3 exd3 28. Bf3 Bc3 29. Kg2 d2 30. Ba3 d1=Q 31. Bxd1 Bxd1 32. Kf1 Bc2 33. Ke2 Bb1 34. Bc5 Bxa2 35. Bxa7 Bxb3 36. Kd3 Bf6 37. Be3 Kf8 38. Ke4 Ke7 39. Bc5+ Ke6 40. Kd3 h5 41. Ke4 Bd5+ 42. Ke3 Kf5 43. Bd6 Kg4 44.
Bf4 Bd8 45. Bd6 Bb6+ 46. Ke2 Bc4+ 47. Ke1 Kf3 48. Bf4 Bxf2+ 49. Kd2 Bxg3 50. Bxg3 Kxg3 0-1

[Event "Live Chess"]
[Site "Chess.com"]
[Date "2024.06.02"]
[Round "-"]
[White "Duke_of_Bebington"]
[Black "peteopeteo"]
[Result "0-1"]
[WhiteElo "1617"]
[BlackElo "1557"]
[TimeControl "300"]
[EndTime "5:20:58 PDT"]
[Termination "peteopeteo won by resignation"]

1. e4 c6 2. d4 d5 3. e5 Bf5 4. g4 Bg6 5. h4 h5 6. Ne2 e6 7. Ng3 hxg4 8. Bd3 Rxh4 9. Bxg6 Rxh1+ 10. Nxh1 fxg6 11. Qxg4 Ne7 12. Bg5 Qa5+ 13. c3 c5 14.
Bxe7 Bxe7 15. Qxg6+ Kd7 16. Na3 cxd4 17. O-O-O dxc3 18. Qc2 Bxa3 19. bxa3 Qxa3+ 20. Kb1 Qb4+ 21. Qb3 Qxb3+ 22.
axb3 Nc6 23. Kc2 d4 24. Ng3 Rf8 25. Ne4 b6 26. Re1 Nb4+ 27. Kb1 c2+ 28. Kb2 Nd3+ 29. Kxc2 Nxe1+ 0-1

[Event "Live Chess"]
[Site "Chess.com"]
[Date "2024.06.02"]
[Round "-"]
[White "TheRedDrag"]
[Black "jimwad"]
[Result "1-0"]
[WhiteElo "2172"]
[BlackElo "1298"]
[TimeControl "300"]
[EndTime "5:20:58 PDT"]
[Termination "TheRedDrag won by checkmate"]

1. e4 e5 2. Nf3 Nc6 3. c3 Nf6 4. d4 exd4 5. e5 Ng4 6. cxd4 Bb4+ 7. Nc3 Bxc3+ 8. bxc3 d6 9. h3 Nh6 10. Bb5 Nf5 11. d5 a6 12. Qa4 axb5 13. Qxa8 Nxe5 14. Nxe5 dxe5 15. O-O O-O 16. Ba3 Re8 17. Rad1 Qg5 18.
Rd3 e4 19. Rdd1 Nh4 20. g3 Nf3+ 21. Kh1 Bxh3 22. Qxe8# 1-0

[Event "Live Chess"]
[Site "Chess.com"]
[Date "2024.06.02"]
[Round "-"]
[White "PureDashingOctopus"]
[Black "ZatixMajor"]
[Result "0-1"]
[WhiteElo "2276"]
[BlackElo "2045"]
[TimeControl "300"]
[EndTime "5:21:01 PDT"]
[Termination "ZatixMajor won on time"]

1. e4 c5 2. Nc3 Nc6 3. Nf3 g6 4. Bb5 Nd4 5. Nxd4 cxd4 6. Ne2 Nf6 7. e5 Ng4 8. Nxd4 Nxe5 9. Be2 Bg7 10. O-O O-O 11.
c3 b6 12. Nf3 Nc6 13. d4 Bb7 14. d5 Ne5 15. Bf4 Nxf3+ 16. Bxf3 d6 17. Re1 Rc8 18.
Qe2 Re8 19. Bg5 Rc7 20. h4 h6 21. Be3 e6 22. Qd2 Qxh4 23. dxe6 Bxf3 24. exf7+ Rxf7 25. gxf3 Be5 26. f4 Bxf4 27. Bxf4 Rxe1+ 28. Rxe1 Rxf4 29. Qd5+ Kg7 30. Qb7+ Kf6 31. Qe7+ Kf5 32. Qxh4 Rxh4 33. Re7 Ra4 34. a3 g5 35. Rd7 Rg4+ 36. Kf1 h5 37. Rxa7 h4 38. Rd7 h3 39. Rxd6 h2 40. Rh6 Re4 41.
Rxh2 Re5 42. Rh6 Rb5 43. b4 Ke4 44. a4 Rd5 45. Rxb6 Kd3 46. Rc6 Ke4 47. a5 g4 48.
Rc4+ Kf3 49. Rd4 Re5 50. a6 Rh5 51. Rd3+ Ke4 52. Re3+ Kf4 53. a7 Rh8 54. b5 Rd8 55. b6 g3 56. Rxg3 Rd1+ 57. Ke2 Rb1 58. a8=Q Rb2+ 59.
Kf1 Rb1+ 60. Kg2 Rb2 61. Qf8+ Ke5 62. Re3+ Kd5 63. Qd8+ Kc6 64. Re6+ Kb7 65. Qc7+ Ka6 66.
Re5 Rxf2+ 67. Kg3 Ra2 0-1

[Event "Live Chess"]
[Site "Chess.com"]
[Date "2024.06.02"]
[Round "-"]
[White "MagnersCarlsberg2870"]
[Black "road2gm5000"]
[Result "1-0"]
[WhiteElo "1768"]
[BlackElo "1130"]
[TimeControl "300"]
[EndTime "5:21:02 PDT"]
[Termination "MagnersCarlsberg2870 won by resignation"]

1. d4 d5 2. e3 Nc6 3. Bd3 Nf6 4. Nd2 Bg4 5. f3 Bh5 6. Ne2 Bg6 7. Nf4 Bxd3 8. Nxd3 e6 9. c3 Bd6 10. Qe2 O-O 11.
e4 dxe4 12. fxe4 Be7 13. e5 Nd5 14. Nf3 Bh4+ 15. g3 Be7 16. O-O Qd7 17. Qe4 g6 18. Bh6 Rfe8 19. Bg5 Bxg5 20. Nxg5 Qe7 21. Qh4 h5 22.
Rxf7 Qxf7 23. Nxf7 Kxf7 24. Rf1+ Kg7 25. c4 Ne3 26. Qf6+ Kh7 27. Qf7+ Kh6 28. Qf4+ Kh7 29.
Qxe3 1-0

[Event "Live Chess"]
[Site "Chess.com"]
[Date "2024.06.02"]
[Round "-"]
[White "matt1979"]
[Black "ameetghasi100"]
[Result "0-1"]
[WhiteElo "1409"]
[BlackElo "2766"]
[TimeControl "300"]
[EndTime "5:21:12 PDT"]
[Termination "ameetghasi100 won by resignation"]

1. f4 d5 2. e3 c6 3. Nf3 Bg4 4. d4 Nd7 5. Bd3 Ngf6 6. c3 e6 7. O-O Bd6 8. Qe1 h5 9. Ne5 Bf5 10. Bxf5 exf5 11. Qg3 g6 12. Nxg6 Rg8 13. Qg5 fxg6 14.
Nd2 Ng4 15. Qxd8+ Kxd8 16. Nf3 Ngf6 17. Ne5 Kc7 18. Bd2 Nb6 19. a4 Ne4 20. Be1 Nc4 0-1

[Event "Live Chess"]
[Site "Chess.com"]
[Date "2024.06.02"]
[Round "-"]
[White "Dhaydon19"]
[Black "bobby_jamesFischer86"]
[Result "1-0"]
[WhiteElo "2640"]
[BlackElo "1624"]
[TimeControl "300"]
[EndTime "5:21:26 PDT"]
[Termination "Dhaydon19 won by resignation"]

1. d4 d5 2. Nf3 c6 3. g3 Nf6 4. Bg2 g6 5. O-O Bg7 6. c3 O-O 7. Nbd2 Nbd7 8. Re1 Re8 9. e4 dxe4 10. Nxe4 Nxe4 11. Rxe4 e5 12. Bg5 f6 13. Qb3+ Kh8 14.
Bd2 f5 15. Ng5 Rf8 16. Ree1 Qe7 17. dxe5 Nc5 18. Qc2 Ne6 19. Nxe6 Bxe6 20. f4 Rad8 21. Be3 b6 22. Bxc6 Bd5 23. Bxd5 Rxd5 24. Rad1 Rfd8 25. Rxd5 Rxd5 26. Rd1 Qd7 27. Rd4 h6 28. Qd3 Rxd4 29.
Bxd4 Qa4 30. e6 Bxd4+ 31. Qxd4+ Kg8 32. Qxa4 1-0

[Event "Live Chess"]
[Site "Chess.com"]
[Date "2024.06.02"]
[Round "-"]
[White "upoe610"]
[Black "Grace6363"]
[Result "1-0"]
[WhiteElo "2143"]
[BlackElo "1142"]
[TimeControl "300"]
[EndTime "5:21:33 PDT"]
[Termination "upoe610 won by checkmate"]

1. e4 c5 2. d4 cxd4 3. c3 dxc3 4. Nxc3 Nc6 5. Bc4 g6 6. Nf3 e6 7. Bg5 Be7 8. Be3 Nf6 9. e5 Ng4 10. Bf4 f6 11. h3 Ngxe5 12. Nxe5 Nxe5 13. Bxe5 fxe5 14. Qe2 Qa5 15. O-O d5 16. Qxe5 Rf8 17. Bb5+ Bd7 18. Bxd7+ Kxd7 19. Rfd1 Bf6 20. Qe3 Bxc3 21. bxc3 Rac8 22.
Rab1 b6 23. Re1 Rfe8 24. Qh6 Re7 25. Qg5 Rxc3 26. Rbd1 Rc5 27. Re5 Qxa2 28. Rde1 Kd6 29. Rxe6+ Rxe6 30. Qd8+ Kc6 31. Qc8+ Kb5 32. Qxe6 Qd2 33.
Qe8+ Kb4 34. Rb1+ Kc3 35. Qa4 Qc2 36. Qa3+ Kd2 37. Qe3# 1-0

[Event "Live Chess"]
[Site "Chess.com"]
[Date "2024.06.02"]
[Round "-"]
[White "Andriy_Yaremovych"]
[Black "lateforthesky"]
[Result "0-1"]
[WhiteElo "1629"]
[BlackElo "2051"]
[TimeControl "300"]
[EndTime "5:21:41 PDT"]
[Termination "lateforthesky won by resignation"]

1. e4 c5 2. Nc3 Nc6 3. f4 e6 4.
Nf3 d5 5. b3 d4 6. Ne2 Nf6 7.
Ng3 Be7 8. Bb2 O-O 9. d3 a6 10.
Qd2 b5 11. O-O-O a5 12. h3 a4 13. Kb1 axb3 14. axb3 Qa5 15. Qxa5 Rxa5 16. Be2 Bd7 17. Ng5 Rfa8 18. h4 Nb4 19. Rdf1 Na2 20. Bh5 g6 21. Bf3 Nc3+ 22. Kc1 R8a7 23. h5 e5 24. hxg6 fxg6 25. Nh3 exf4 26. Nxf4 Ng4 27. Kd2 Bg5 28. Ne2 Nxe2 29. Kxe2 Bxf4 30. Bxg4 Bxg4+ 31. Kf2 Rf7 32. Kg1 Be3+ 33. Kh2 Rxf1 34. Rxf1 Ra2 0-1

[Event "Live Chess"]
[Site "Chess.com"]
[Date "2024.06.02"]
[Round "-"]
[White "StoreySniper"]
[Black "Victor_Bondar"]
[Result "1-0"]
[WhiteElo "2497"]
[BlackElo "1458"]
[TimeControl "300"]
[EndTime "5:22:20 PDT"]
[Termination "StoreySniper won on time"]

1. e4 d5 2. exd5 Qxd5 3. Nc3 Qa5 4. Bc4 Nf6 5. d3 Bg4 6. f3 Bh5 7. Bd2 c6 8. Qe2 e6 9. g4 Bg6 10. h4 h5 11. g5 Nfd7 12. Bxe6 Qe5 13. Qxe5 Nxe5 14. Bc8 Nbd7 15. Bxb7 Rb8 16. Ba6 Rb6 17. Bc8 Rxb2 18. f4 Ng4 19. O-O-O Ba3 20. Re1+ Kd8 21. Bxd7 Kxd7 22. Nh3 Rhb8 23. Kd1 Bb4 24. Ne4 Rxa2 25. Bxb4 Bxe4 26. Rxe4 Ra1+ 27. Kd2 Rxh1 28. Re7+ Kd8 29. Bd6 Rb5 30. g6 Rh2+ 31. Kc3 f6 32.
Rxg7 Ne3 33. Be7+ Ke8 34. Bxf6 Rxc2+ 35. Kd4 Ng4 36. Re7+ Kd8 37. Re2+ Kd7 38. Rxc2 Nxf6 39. Rc5 Rb4+ 40. Kc3 Rb5 41. Rg5 Ke6 42. g7 Rxg5 43.
hxg5 Ng8 44. Nf2 Ne7 45. Ne4 h4 46. g6 Kf5 47. Kd4 1-0

[Event "Live Chess"]
[Site "Chess.com"]
[Date "2024.06.02"]
[Round "-"]
[White "Colm_Buckley"]
[Black "MaksymYurii"]
[Result "1-0"]
[WhiteElo "1875"]
[BlackElo "999"]
[TimeControl "300"]
[EndTime "5:22:30 PDT"]
[Termination "Colm_Buckley won by checkmate"]

1. d4 d5 2. c4 dxc4 3. Nc3 Nf6 4. e3 Nbd7 5. Bxc4 e6 6. Nf3 Bb4 7. O-O O-O 8. Bd2 Bd6 9. Rc1 e5 10. dxe5 Nxe5 11. Nxe5 Bxe5 12. f4 Bxc3 13. Bxc3 Qxd1 14.
Rfxd1 Bg4 15. Rd2 Ne4 16. Rd4 Nxc3 17. Rxc3 c6 18. Rcd3 b6 19. Kf2 c5 20. Rd6 Bf5 21. Rd2 Rab8 22. Bb5 a5 23. Kf3 Be6 24. b3 Bf5 25. e4 Bg6 26. f5 Bh5+ 27. g4 Bg6 28. Rd7 h6 29. fxg6 fxg6+ 30. Kg3 g5 31. Re7 Kh8 32.
Rdd7 Rf4 33. Rxg7 Rxe4 34. Rh7+ Kg8 35. Bc4+ Kf8 36. Rh8# 1-0

[Event "Live Chess"]
[Site "Chess.com"]
[Date "2024.06.02"]
[Round "-"]
[White "ProfessorChess101"]
[Black "Ferrarifan27"]
[Result "1-0"]
[WhiteElo "2729"]
[BlackElo "2165"]
[TimeControl "300"]
[EndTime "5:22:59 PDT"]
[Termination "ProfessorChess101 won by resignation"]

1. e4 e5 2. Nf3 Nc6 3. Bc4 Bc5 4. O-O d6 5. d3 a6 6. a4 Nf6 7. h3 O-O 8. Bg5 h6 9. Bh4 Be6 10. Nc3 Bxc4 11. dxc4 Nd4 12. Nd5 g5 13. Nxg5 Nxe4 14.
Nxe4 Qxh4 15. Nef6+ Kh8 16. Qd3 e4 17. Nxe4 f5 18.
Nxc5 dxc5 19. Rae1 c6 20. Ne7 Qg5 21. c3 Nb3 22.
Re6 Rf7 23. Ng6+ Kg7 24. Ne5 Rff8 25. Qd7+ Kh8 26. Rg6 1-0

[Event "Live Chess"]
[Site "Chess.com"]
[Date "2024.06.02"]
[Round "-"]
[White "road2gm5000"]
[Black "ameetghasi100"]
[Result "0-1"]
[WhiteElo "1130"]
[BlackElo "2766"]
[TimeControl "300"]
[EndTime "5:23:19 PDT"]
[Termination "ameetghasi100 won by resignation"]

1. e4 b6 2. d4 a6 3. Nc3 e6 4.
Nf3 g6 5. Bd3 h6 6. Be3 Bg7 7. O-O Ne7 8. h3 d6 9. Qd2 Nd7 10. Rac1 Bb7 11. a3 g5 12. Rfe1 Ng6 13. Nxg5 hxg5 14. Bxg5 Bf6 15. Bxf6 Qxf6 16. Qe3 Qf4 17.
Qxf4 Nxf4 18. f3 Rg8 19. Bf1 Nxh3+ 20. Kh1 Nf4 21. e5 O-O-O 22. exd6 cxd6 23. Na4 b5 24. Nc3 Rh8+ 25. Kg1 Rdg8 26. Kf2 Rh2 27. Ke3 Nxg2+ 28. Bxg2 Rgxg2 29. Ne2 Nb6 30. Nf4 Nc4+ 0-1

[Event "Live Chess"]
[Site "Chess.com"]
[Date "2024.06.02"]
[Round "-"]
[White "ACM42"]
[Black "juniortay"]
[Result "1-0"]
[WhiteElo "2226"]
[BlackElo "2338"]
[TimeControl "300"]
[EndTime "5:23:23 PDT"]
[Termination "ACM42 won by resignation"]

1. e4 e5 2. Nf3 Nf6 3. Nc3 Nc6 4. d4 exd4 5. Nxd4 Bb4 6. Nxc6 bxc6 7. Bd3 d5 8. exd5 O-O 9. O-O cxd5 10. a3 Be7 11. Bf4 c6 12. h3 h6 13. Ne2 Bd6 14. Qd2 Re8 15. Rae1 Be6 16. Nd4 Qd7 17. Nxe6 fxe6 18.
Bg6 Rf8 19. Be5 Bxe5 20. Rxe5 Qb7 21. Rxe6 Qxb2 22. Rxc6 Rad8 23. Re1 Qxa3 24. Rc7 Ne4 25. Qd4 Nf6 26. Ree7 Qc1+ 27. Kh2 1-0

[Event "Live Chess"]
[Site "Chess.com"]
[Date "2024.06.02"]
[Round "-"]
[White "Dhaydon19"]
[Black "Duke_of_Bebington"]
[Result "1-0"]
[WhiteElo "2640"]
[BlackElo "1617"]
[TimeControl "300"]
[EndTime "5:23:33 PDT"]
[Termination "Dhaydon19 won by resignation"]

1. d4 d5 2. Nf3 Nf6 3. g3 Bf5 4. c3 e6 5. Bg2 c5 6. O-O Nc6 7.
dxc5 Bxc5 8. Nbd2 O-O 9. Nb3 Bb6 10. Nbd4 Nxd4 11. Nxd4 Bxd4 12. Qxd4 h6 13. b3 Qe7 14. Bb2 Ne4 15. c4 f6 16. cxd5 exd5 17. Qxd5+ Kh8 18.
Qxf5 1-0

[Event "Live Chess"]
[Site "Chess.com"]
[Date "2024.06.02"]
[Round "-"]
[White "CarmelJane"]
[Black "MagnersCarlsberg2870"]
[Result "0-1"]
[WhiteElo "2020"]
[BlackElo "1781"]
[TimeControl "300"]
[EndTime "5:24:11 PDT"]
[Termination "MagnersCarlsberg2870 won by resignation"]

1. Nf3 Nc6 2. b3 e5 3. e4 Nf6 4. d3 Bc5 5. Be2 d6 6. O-O h5 7. Bg5 Bg4 8. h3 Be6 9. a3 a5 10. Nbd2 Qd7 11. Nc4 Bxh3 12. gxh3 Qxh3 13. Bxf6 gxf6 14.
Nh2 Rg8+ 15. Ng4 hxg4 16. Bxg4 0-1

[Event "Live Chess"]
[Site "Chess.com"]
[Date "2024.06.02"]
[Round "-"]
[White "PETROMICH1967"]
[Black "vincents82"]
[Result "0-1"]
[WhiteElo "1352"]
[BlackElo "1994"]
[TimeControl "300"]
[EndTime "5:24:47 PDT"]
[Termination "vincents82 won by resignation"]

1. e4 d5 2. exd5 Qxd5 3. Nc3 Qd8 4. d4 Nf6 5. Bc4 a6 6. Nge2 b5 7. Bb3 c5 8. dxc5 Qxd1+ 9. Nxd1 e6 10. Be3 Bb7 11.
O-O Nbd7 12. c4 Bxc5 13. cxb5 axb5 14. a3 O-O 15. Nd4 Ba6 16. Nc6 Rfc8 17. Bxc5 Nxc5 18. Ne7+ Kf8 19. Nxc8 Nxb3 20. Nb6 Rb8 21. Nd7+ Nxd7 22. Rb1 Nd2 23. Rc1 Nxf1 24. Kxf1 b4+ 25. Ke1 bxa3 26. bxa3 Rb7 27. Rc3 Ke7 28. Kd2 Nf6 29. f3 Nd5 30.
Rc5 Rd7 31. Kc1 Rc7 32. Rxc7+ Nxc7 33. Nc3 Nb5 34. Nxb5 Bxb5 35. g3 Kd6 36. Kb2 Kc5 37. Kc3 e5 38. h4 f5 39. g4 fxg4 40. fxg4 e4 41. g5 e3 42. h5 h6 43. gxh6 gxh6 44.
a4 Ba6 45. a5 Bb5 0-1

[Event "Live Chess"]
[Site "Chess.com"]
[Date "2024.06.02"]
[Round "-"]
[White "defenderalist"]
[Black "gmnorfolk"]
[Result "0-1"]
[WhiteElo "1542"]
[BlackElo "2149"]
[TimeControl "300"]
[EndTime "5:25:16 PDT"]
[Termination "gmnorfolk won by resignation"]

1. e4 c5 2. Nf3 d6 3. Bc4 Nf6 4. Nc3 Nc6 5. O-O g6 6. d4 cxd4 7. Nxd4 Bg7 8. Bg5 Nxe4 9. Nxc6 bxc6 10. Nxe4 d5 11. Bb3 dxe4 12. Qe2 O-O 13. Qxe4 Qc7 14. Qxe7 Qxe7 15. Bxe7 Re8 16. Ba3 a5 17. c3 Bf5 18.
Rfe1 Red8 19. Rad1 Bf6 20. h3 Bd3 21. Re3 Bf5 22.
g4 Rxd1+ 23. Bxd1 Be6 24. b3 Rd8 25. Bf3 Rd2 26. Bxc6 Rxa2 27. Bd6 Rd2 28. Be5 Bxe5 29. Rxe5 Rd3 30. Rxa5 Rxc3 31. Ba4 Rxh3 32. g5 Bxb3 33. Bxb3 Rxb3 34. Kg2 Kg7 35. f4 h5 36. gxh6+ Kxh6 37. Ra4 f5 38. Rd4 Kh5 39. Rd8 Kg4 40. Rg8 Rg3+ 41.
Kh2 Kxf4 0-1

[Event "Live Chess"]
[Site "Chess.com"]
[Date "2024.06.02"]
[Round "-"]
[White "elephantgerrald"]
[Black "WilliamofOrange16th"]
[Result "0-1"]
[WhiteElo "873"]
[BlackElo "2005"]
[TimeControl "300"]
[EndTime "5:25:38 PDT"]
[Termination "WilliamofOrange16th won on time"]

1. e4 d6 2. d4 Nf6 3. Nc3 Nbd7 4. Nf3 e5 5. d5 c6 6. dxc6 bxc6 7. Bg5 Be7 8. Bxf6 Nxf6 9. g3 O-O 10. Bg2 Bg4 11.
O-O Rb8 12. b3 Qa5 13. Qd3 Rfd8 14. h3 Bh5 15. Ne2 Bg6 16. Ng5 d5 17. h4 h6 18.
Nh3 Nxe4 19. Bxe4 Bxe4 20. Qe3 Bc5 21. Qc3 Qxc3 22. Nxc3 Bxc2 23. Na4 Bd4 24. Rac1 Bf5 25. Kg2 e4 26. f4 exf3+ 27. Rxf3 Be4 28. Kh2 Bxf3 29.
Rxc6 Re8 30. Nf4 Rbc8 31. Rxc8 Rxc8 32. Nxd5 Rc2+ 33. Kh3 h5 34. g4 Bxg4+ 35. Kg3 Be5+ 0-1

[Event "Live Chess"]
[Site "Chess.com"]
[Date "2024.06.02"]
[Round "-"]
[White "BearFromUkraine"]
[Black "ProfPoisson"]
[Result "1/2-1/2"]
[WhiteElo "1020"]
[BlackElo "1320"]
[TimeControl "300"]
[EndTime "5:26:00 PDT"]
[Termination "Game drawn - insufficient material"]

1. e4 e5 2. Nf3 Nf6 3. Nxe5 Nxe4 4. Qe2 Qe7 5. Qxe4 d6 6. d4 dxe5 7. Qxe5 Qxe5+ 8. dxe5 Nc6 9. Bf4 Bf5 10. Bd3 Bxd3 11. cxd3 Nb4 12. Na3 Nxd3+ 13. Kf1 Nxf4 14. g3 Nd3 15. Kg2 Nxe5 16. Rhe1 f6 17. f4 Bxa3 18.
bxa3 O-O-O 19. fxe5 fxe5 20. Rxe5 Rhf8 21. Re7 Rd2+ 22.
Kg1 Rd7 23. Rae1 Rxe7 24. Rxe7 Rg8 25. Kf2 Kd8 26. Rf7 b6 27. Kf3 c5 28. Rxa7 Re8 29.
Rxg7 c4 30. Rg4 b5 31. Re4 Rf8+ 32. Ke3 Rf1 33. a4 Re1+ 34. Kf3 Rxe4 35. Kxe4 b4 36. Kd4 c3 37. Kd3 Kc7 38. h4 Kb6 39. g4 Ka5 40. h5 Kxa4 41. g5 b3 42. axb3+ Kxb3 43. g6 hxg6 44. hxg6 c2 45. g7 Kb2 46. g8=Q c1=Q 47.
Qb8+ Ka1 48. Qa7+ Kb2 49. Qb6+ Ka1 50. Qa5+ Kb1 51. Qb4+ Ka1 52. Qa4+ Kb2 53. Qb4+ Ka2 54. Qa4+ Kb1 55. Qb3+ Ka1 56. Qa4+ Kb2 57. Qb4+ Ka2 58. Qa4+ Kb1 59. Qb3+ Ka1 60. Qb4 Qd1+ 61. Qd2 Qb1+ 62.
Qc2 Qb5+ 63. Qc4 Qf5+ 64. Qe4 Qd7+ 65. Qd4+ Qxd4+ 66. Kxd4 1/2-1/2

[Event "Live Chess"]
[Site "Chess.com"]
[Date "2024.06.02"]
[Round "-"]
[White "TheSmoulderingMaster"]
[Black "Andriy_Yaremovych"]
[Result "0-1"]
[WhiteElo "1777"]
[BlackElo "1641"]
[TimeControl "300"]
[EndTime "5:26:05 PDT"]
[Termination "Andriy_Yaremovych won by resignation"]

1. e4 b6 2. d4 Bb7 3. Nc3 Nf6 4. Nf3 Nxe4 5. Nxe4 Bxe4 6. Bc4 e6 7. O-O h6 8. Re1 Bb7 9. d5 Qe7 10. Bf4 Kd8 11.
dxe6 fxe6 12. Rxe6 Qb4 13. Bb3 Nc6 14. Qd3 Qxf4 15.
Rae1 Bd6 16. R6e4 Qf6 17. c4 Rf8 18. Bc2 Nb4 19. Qc3 Nxc2 20. Qxc2 Bxe4 21. Qxe4 c6 22. a3 Kc7 23. b4 Rae8 24. Qb1 Rxe1+ 25. Qxe1 Qf4 26.
c5 bxc5 27. bxc5 Bxc5 28. Qa5+ Bb6 29. Qc3 g5 30. h3 g4 31. hxg4 Qxg4 32. Qe5+ Kc8 33.
Qe2 h5 34. a4 h4 35. a5 Bc5 36.
Qa6+ Kb8 37. Qe2 h3 0-1